 Dungeon Crawl Stone Soup version 0.19.6-3-g7d5932f76a (webtiles) character file.

22 EnegeticOcto the Conjurer (level 2, 0/17 HPs)
             Began as a High Elf Conjurer on Feb 8, 2021.
             Succumbed to a kobold's poison
             ... on level 3 of the Dungeon.
             The game lasted 00:02:24 (323 turns).

EnegeticOcto the Conjurer (High Elf Conjurer)        Turns: 323, Time: 00:02:25

Health: 0/17       AC:  2    Str:  7    XL:     2   Next: 68%
Magic:  3/6        EV: 13    Int: 18    God:
Gold:   30         SH:  0    Dex: 15    Spells: 2 memorised, 2 levels left

rFire  . . .     SeeInvis .     e - +0 short sword
rCold  . . .     Gourm    .     a - +0 robe
rNeg   . . .     Faith    .     (no shield)
rPois  .         Spirit   .     (no helmet)
rElec  .         Reflect  .     (no cloak)
rCorr  .         Harm     .     (no gloves)
MR     .....                    (no boots)
Stlth  ++........               (no amulet)
                                (no ring)
                                (no ring)

@: lethally poisoned (0 -> -3)
A: no striking features
a: no special abilities


You were on level 3 of the Dungeon.
You were not hungry.

You visited 1 branch of the dungeon, and saw 3 of its levels.

You collected 30 gold pieces.

Inventory:

Hand Weapons
 e - a +0 short sword (weapon)
   (You took it off a kobold on level 1 of the Dungeon)
Missiles
 d - 3 stones
 i - 4 poisoned tomahawks (quivered)
Armour
 a - a +0 robe (worn)
Scrolls
 f - a scroll of noise {unknown}
 g - a scroll of fog {unknown}
 h - a scroll of enchant weapon {unknown}
Books
 b - a book of Conjurations

   Spells                             Type                      Level
   a - Magic Dart                     Conjuration                  1
   b - Searing Ray                    Conjuration                  2
   c - Dazzling Spray                 Conjuration/Hexes            3
   d - Fulminant Prism                Conjuration/Hexes            4
   e - Iskenderun's Mystic Blast      Conjuration                  4
   f - Iskenderun's Battlesphere      Conjuration/Charms           5
Comestibles
 c - a bread ration


   Skills:
 - Level 2.1 Dodging
 - Level 2.1 Stealth
 - Level 2.4 Spellcasting
 + Level 5.3 Conjurations


You had 2 spell levels left.
You knew the following spells:

 Your Spells              Type           Power        Failure   Level  Hunger
a - Magic Dart            Conj           ###.         1%          1    #......
b - Searing Ray           Conj           ###...       3%          2    ##.....


Dungeon Overview and Level Annotations

Branches:
Dungeon (3/15)

Altars:
Elyvilon
Ru


Message History

Aim: an orc, wielding a mace (severely wounded)
The magic dart hits the orc.
You kill the orc!
A hobgoblin and an orc come into view.
Casting: Magic Dart
Confirm with . or Enter, or press ? or * to list all spells.
Aiming: Magic Dart
Press: ? - help, Shift-Dir - straight line, f - orc
Aim: an orc, wielding a hand axe (hasn't noticed you)
The magic dart hits the orc.
The orc is heavily wounded.
The orc shouts!
The hobgoblin shouts!
Casting: Magic Dart
Confirm with . or Enter, or press ? or * to list all spells.
You don't have enough magic to cast that spell.
Throwing (i - inventory):
i - 3 poisoned tomahawks (quivered)
Press: ? - help, Shift-Dir - straight line, f/p - orc
Aim: an orc, wielding a hand axe (heavily wounded)
You throw a poisoned tomahawk.
The poisoned tomahawk closely misses the orc.
Throwing (i - inventory):
i - 2 poisoned tomahawks (quivered)
Press: ? - help, Shift-Dir - straight line, f/p - orc
Aim: an orc, wielding a hand axe (heavily wounded)
You throw a poisoned tomahawk.
The poisoned tomahawk barely misses the orc.
The poisoned tomahawk barely misses the hobgoblin.
You see here a rat corpse.
Casting: Magic Dart
Confirm with . or Enter, or press ? or * to list all spells.
Aiming: Magic Dart
Press: ? - help, Shift-Dir - straight line, f/p - orc
Aim: an orc, wielding a hand axe (heavily wounded)
The magic dart hits the orc.
The orc is almost dead.
The orc closely misses you.
Things that are here:
a dagger; an orc corpse You closely miss the orc.
The orc is almost dead.
The orc misses you.
You hit the orc.
You kill the orc!
Throwing (i - inventory):
i - a poisoned tomahawk (quivered)
Press: ? - help, Shift-Dir - straight line, f - hobgoblin
Aim: a hobgoblin, wielding a club You throw a poisoned tomahawk.
The poisoned tomahawk hits the hobgoblin.
The hobgoblin is poisoned.
The hobgoblin is severely wounded.
You hit the hobgoblin.
You kill the hobgoblin!
You see here a club.
i - a poisoned tomahawk You see here a hand axe.
Things that are here:
a dagger; an orc corpse You see here a rat corpse.
You see here a mace.
i - 3 poisoned tomahawks (gained 2)
i - 4 poisoned tomahawks (gained 1)
A kobold comes into view.
The kobold shouts!
The kobold wields a blowgun.
The kobold shoots a poisoned needle.
The poisoned needle misses you.
You see here a poisoned needle.
Casting: Magic Dart
Confirm with . or Enter, or press ? or * to list all spells.
Aiming: Magic Dart
Press: ? - help, Shift-Dir - straight line, f - kobold
Aim: a kobold, wielding a blowgun The magic dart hits the kobold.
The kobold is severely wounded.
The kobold shoots a poisoned needle.
The poisoned needle hits you!
You are lethally poisoned!
Casting: Magic Dart
Confirm with . or Enter, or press ? or * to list all spells.
Aiming: Magic Dart
Press: ? - help, Shift-Dir - straight line, f/p - kobold
Aim: a kobold, wielding a blowgun (severely wounded)
The magic dart hits the kobold.
You kill the kobold!
You feel sick.
You aren't carrying any potions.
Okay, then.
You feel sick.
* * * LOW HITPOINT WARNING * * *
You feel sick.
Found a white marble altar of Elyvilon.
* * * LOW HITPOINT WARNING * * *
You feel sick.
* * * LOW HITPOINT WARNING * * *
You feel sick.
* * * LOW HITPOINT WARNING * * *
You feel sick.
* * * LOW HITPOINT WARNING * * *
You feel sick.
Found a sacrificial altar of Ru.
* * * LOW HITPOINT WARNING * * *
You feel sick.
You die...

#..####.##†....)..
#<.#....†......##.
#..#.##.##.....##)
#.......##.....##.
##################
######⌠###_##
#..#.#.#)#.8#######
#.............(..##
#.@..........###.).
#..#.#.#.#.8.....###
##_#.########.##.#
##### ..##.# ####.
.. ##


There were no monsters in sight!

Vanquished Creatures
  2 dart slugs (D:3)
  3 orcs (D:3)
  A bat (D:3)
  A goblin (D:1)
  3 hobgoblins (D:3)
  2 kobolds
  2 rats
14 creatures vanquished.

Notes
Turn   | Place    | Note
-------+----------+-------------------------------------------
     0 | D:1      | EnegeticOcto the High Elf Conjurer began the quest for the Orb.
     0 | D:1      | Reached XP level 1. HP: 11/11 MP: 4/4
   183 | D:3      | Reached XP level 2. HP: 13/17 MP: 1/6
   189 | D:3      | Reached skill level 5 in Conjurations
   253 | D:3      | Learned a level 2 spell: Searing Ray
   307 | D:3      | Found a white marble altar of Elyvilon.
   317 | D:3      | Found a sacrificial altar of Ru.
   323 | D:3      | Succumbed to a kobold's poison

Skill      XL: |  1  2 |
---------------+-------+-----
Conjurations   | 5 |  5.3
Dodging        | |  2.1
Stealth        | |  2.1
Spellcasting   | |  2.4

Action                   || total
-------------------------++-------
Melee: Short sword       ||    17
Throw: Tomahawk          ||     3
 Cast: Magic Dart        ||    23
Armor: Robe              ||    10
Dodge: Dodged            ||    20
